 Dungeon Crawl Stone Soup version 0.20.1-1-g8b1a95d (webtiles) character file.

160 KleinerIrrer the Shield-Bearer (level 5, -4/43 HPs)
             Began as a Formicid Fighter on July 9, 2017.
             Slain by a mummy (11 damage)
             ... in an ossuary.
             The game lasted 00:05:11 (2355 turns).

KleinerIrrer the Shield-Bearer (Formicid Fighter)   Turns: 2355, Time: 00:05:11

Health: -4/43      AC: 10    Str: 21    XL:     5   Next: 69%
Magic:  5/5        EV:  6    Int:  8    God:
Gold:   104        SH: 10    Dex: 10    Spells: 4/4 levels left

rFire    + . .     SeeInvis +   a - +0 war axe
rCold    . . .     Gourm    .   c - +0 shield
rNeg     . . .     Faith    .   i - +0 chain mail
rPois    .         Spirit   .   (helmet unavailable)
rElec    .         Reflect  .   (no cloak)
rCorr    .         Harm     .   (no gloves)
MR       .....                  p - +0 pair of boots
Stlth    ..........             (no amulet)
Regen    0.2/turn               j - ring of protection from fire
MPRegen  0.1/turn               (no ring)

@: no status effects
A: permanent stasis, dig shafts and tunnels, four strong arms, antennae 3
a: Dig, Shaft Self


You were in an ossuary.
You were not hungry.

You visited 1 branch of the dungeon, and saw 4 of its levels.
You also visited: Ossuary.

You collected 104 gold pieces.

Inventory:

Hand Weapons
 a - a +0 war axe (weapon)
 o - a +0 vampiric short sword
 w - a +0 dagger of protection
Armour
 c - a +0 shield (worn)
 i - a +0 chain mail (worn)
 p - a +0 pair of boots (worn)
Jewellery
 j - a ring of protection from fire (left hand)
 k - a +3 amulet of reflection {unknown}
 x - an uncursed amulet of the gourmand {unknown}
Wands
 B - a wand of paralysis (8/24)
Scrolls
 e - 3 scrolls of identify
 m - 2 scrolls of remove curse
 n - a scroll of teleportation
 y - a scroll of fear {unknown}
Potions
 b - 2 potions of cancellation {unknown}
 d - 2 potions of might
 g - 2 potions of agility {unknown}
 h - 2 potions of curing {unknown}
 q - 3 potions of mutation
 s - a potion of flight {unknown}
 A - 2 potions of heal wounds {unknown}
Comestibles
 f - 3 bread rations
 u - 4 fruits
 v - a meat ration
 z - a chunk of flesh


   Skills:
 + Level 4.5 Fighting
 - Level 2.0 Axes
 + Level 4.1 Armour
 + Level 0.5 Dodging
 + Level 5.3 Shields


You had 4 spell levels left.
You didn't know any spells.

Dungeon Overview and Level Annotations

Branches:
Dungeon (4/15)             Temple (0/1) D:4

Altars:
Sif Muna


Innate Abilities, Weirdness & Mutations

You cannot be hasted, slowed, berserked, paralysed or teleported.
You can dig through walls and to a lower floor.
Your four strong arms can wield two-handed weapons with a shield.
You have a pair of large antennae on your head. (SInv)


Message History

You hit the mummy but do no damage.
The mummy is moderately damaged.
The mummy hits you.
* * * LOW HITPOINT WARNING * * *
You hit the mummy but do no damage.
The mummy is moderately damaged.
You block the mummy's attack.
You slash the mummy!
The mummy is severely damaged.
The mummy hits you but does no damage.
Your shield and chain mail prevent you from hitting the mummy.
The mummy is severely damaged.
You barely miss the mummy.
The mummy is severely damaged.
The mummy hits you.
* * * LOW HITPOINT WARNING * * *
Your shield and chain mail prevent you from hitting the mummy.
The mummy is severely damaged.
The mummy hits you!
You die...

#######
#.#M#.#
#.@...#
##...##
#.∩.#
#...#
#.∩.#
#...#
##+##


You could see a mummy.

Vanquished Creatures
  Jessica (D:3)
  2 mummies (Ossuary)
  Robin (D:2)
  An adder (D:3)
  An ooze (D:3)
  4 worms
  3 dart slugs (D:1)
  3 leopard geckos
  3 giant cockroaches
  15 goblins
  6 hobgoblins
  A ball python (D:2)
  4 bats
  4 frilled lizards
  2 goblin zombies (D:4)
  9 kobolds
  4 rats
64 creatures vanquished.

Notes
Turn   | Place    | Note
-------+----------+-------------------------------------------
     0 | D:1      | KleinerIrrer the Formicid Fighter began the quest for the Orb.
     0 | D:1      | Reached XP level 1. HP: 18/18 MP: 1/1
   137 | D:1      | Reached XP level 2. HP: 22/24 MP: 2/2
   208 | D:1      | Reached skill level 4 in Shields
   320 | D:1      | Reached XP level 3. HP: 28/30 MP: 3/3
  1075 | D:2      | Noticed Robin
  1082 | D:1      | Reached XP level 4. HP: 30/37 MP: 4/4
  1250 | D:2      | Killed Robin
  2017 | D:3      | Reached XP level 5. HP: 39/43 MP: 5/5
  2170 | D:3      | Noticed Jessica
  2176 | D:3      | Killed Jessica
  2176 | D:3      | Reached skill level 5 in Shields
  2278 | D:3      | Found a deep blue altar of Sif Muna.
  2303 | D:3      | You fall through a shaft!
  2326 | D:4      | Found a sand-covered staircase.
  2341 | Ossuary  | Entered an ossuary
  2355 | Ossuary  | Slain by a mummy

Skill      XL: |  1  2  3  4  5 |
---------------+----------------+-----
Shields        | 4 5 |  5.3
Fighting       | 4 |  4.5
Armour         | 4 |  4.1
Axes           | |  2.0
Dodging        | |  0.5

Action                   |  1- 3 |  4- 6 || total
-------------------------+-------+-------++-------
Melee: War axe           |   110 |   105 ||   215
  Use: Scroll            |       |     6 ||     6
  Eat: Chunk             |     1 |     4 ||     5
       Bread ration      |     1 |       ||     1
Armor: Scale mail        |     8 |       ||     8
       Chain mail        |    36 |    50 ||    86
Dodge: Dodged            |    27 |    27 ||    54
Block: Shield            |    67 |    63 ||   130
